AoeStats
← kpsu8366

Hideout

503347875Analyzed
4v4 RM · 1mo ago on Aug 31, 2026· 60m 20s· 8 players
Game mode
Random Map
Map size
Large (8 player)
Population
200
Speed
Normal
Resources
Standard
Victory
Conquest
Starting age
Dark Age
Ending age
Imperial Age
RankedLock teamsTeams togetherTeam positionsShared explorationLock speedFull tech treeHidden civsTurbo modeCheats
Victory
Defeat
🇨🇳 Maya · China
926
+49
🇨🇳 Franks · China
901
+19
🇨🇳 Hindustanis · China
895
+19
🇨🇳 Wei · China
847
+21
🇨🇳 Ethiopians · China
1010
-21
🇨🇳 Tupi · China
1010
-21
🇫🇷 Jurchens · France
944
-18
🇦🇺 Spanish · Australia
907
-17
桂花折枝为谁落
10:38 Feudal Age
11:18 Double-Bit Axe
11:15 Horse Collar
19:39 Castle Age
19:31 Gold Mining
19:52 Stone Mining
20:44 Forging
20:40 Scale Barding Armor
21:35 Bow Saw
21:32 Husbandry
26:28 Wheelbarrow
27:15 Pikeman
28:39 Crossbowman
AJ老师
0:30 Loom
11:16 Feudal Age
11:56 Horse Collar
17:48 Castle Age
16:19 Double-Bit Axe
17:21 Gold Mining
17:21 Stone Mining
22:25 Wheelbarrow
27:48 Bloodlines
27:38 Husbandry
28:22 Gold Shaft Mining
30:38 Imperial Age
28:26 Heavy Plow
29:51 Hand Cart
30:09 Forging
30:05 Scale Barding Armor
30:38 Scale Barding Armor
31:53 Iron Casting
32:38 Chemistry
31:20 Heavy Camel Rider
32:35 Ballistics
33:54 Blast Furnace
33:14 Chain Barding Armor
33:27 Conscription
35:13 Imperial Camel Rider
36:35 Herbal Medicine
45:48 Bow Saw
45:33 Town Watch
47:21 Grand Trunk Road
49:16 Plate Barding Armor
48:42 Scale Mail Armor
55:13 Spies/Treason
58:05 Shatagni
58:10 Town Patrol
58:52 Stone Shaft Mining
58:11 Guard Tower
58:31 Fortified Wall
58:17 Murder Holes
58:33 Masonry
58:28 Siege Engineers
58:34 Careening
58:34 Clinker Construction
57:49 Light Cavalry
58:45 Fervor
58:51 Block Printing
59:01 Illumination
58:37 Devotion
TAGRNM
0:29 Loom
12:16 Feudal Age
16:40 Castle Age
14:49 Double-Bit Axe
18:39 Bow Saw
22:57 Husbandry
26:33 Scale Barding Armor
29:37 Chain Barding Armor
33:36 Forging
36:41 Imperial Age
35:54 Iron Casting
36:57 Cavalier
38:14 Plate Barding Armor
40:16 Paladin
41:52 Fletching
43:10 Conscription
44:52 Paladin
49:27 Siege Engineers
54:33 Blast Furnace
55:18 Spies/Treason
57:33 Wheelbarrow
56:44 Town Watch
rushnow8341
0:46 Loom
12:54 Feudal Age
13:46 Horse Collar
14:06 Double-Bit Axe
20:37 Castle Age
18:31 Gold Mining
20:30 Fletching
21:15 Scale Mail Armor
21:00 Eagle Warrior
24:31 Wheelbarrow
25:45 Heavy Plow
26:38 Chain Mail Armor
27:54 Stone Mining
28:17 Squires
30:13 Forging
32:14 Hand Cart
38:16 Imperial Age
36:16 Bodkin Arrow
37:31 Iron Casting
36:45 Town Watch
38:50 Padded Archer Armor
40:50 Elite Eagle Warrior
42:44 Holcans
44:18 Plate Mail Armor
47:02 Blast Furnace
56:20 Spies/Treason
jbw6792
11:11 Feudal Age
15:54 Castle Age
14:04 Double-Bit Axe
21:19 Fletching
23:47 Wheelbarrow
25:26 Horse Collar
31:45 Imperial Age
30:59 Loom
senninha
10:37 Loom
12:22 Feudal Age
14:55 Double-Bit Axe
14:56 Horse Collar
15:08 Gold Mining
17:49 Castle Age
17:27 Scale Barding Armor
17:48 Town Watch
18:46 Wheelbarrow
19:24 Stone Mining
19:39 Heavy Plow
20:49 Bloodlines
22:15 Bow Saw
26:09 Forging
29:20 Iron Casting
32:55 Chain Barding Armor
35:47 Imperial Age
37:34 Blast Furnace
36:28 Fletching
37:16 Plate Barding Armor
37:15 Conscription
37:55 Scale Mail Armor
37:36 Elite Fire Lancer
38:03 Gambesons
38:19 Squires
38:04 Arson
39:29 Gold Shaft Mining
39:36 Stone Shaft Mining
39:37 Crop Rotation
41:37 Squires
41:22 Arson
43:23 Two-Man Saw
43:37 Chain Mail Armor
44:51 Elite Iron Pagoda
46:09 Hoardings
47:57 Padded Archer Armor
49:29 Murder Holes
49:45 Masonry
50:36 Chemistry
50:15 Ballistics
51:26 Fortified Bastions
52:42 Architecture
52:18 Siege Engineers
54:03 Bodkin Arrow
kpsu8366
12:03 Feudal Age
14:13 Loom
16:33 Castle Age
15:32 Double-Bit Axe
15:40 Horse Collar
18:16 Heavy Plow
18:30 Bow Saw
24:04 Wheelbarrow
28:07 Fletching
31:31 Imperial Age
29:23 Fletching
29:47 Gold Mining
29:49 Stone Mining
32:56 Gold Shaft Mining
32:40 Padded Archer Armor
32:38 Bodkin Arrow
33:06 Ballistics
33:49 Chemistry
32:30 Treadmill Crane
32:17 Elite Blackwood Archer
33:27 Conscription
33:38 Leather Archer Armor
33:24 Bracer
33:56 Curare
35:45 Ring Archer Armor
35:59 Capped Ram
37:01 Siege Ram
高老头子
7:20 Loom
10:07 Feudal Age
16:42 Castle Age
14:53 Double-Bit Axe
16:00 Stone Mining
22:10 Scale Mail Armor
22:21 Forging
23:10 Squires
25:10 Wheelbarrow
24:34 Horse Collar
26:05 Arson
27:50 Gold Mining
29:21 Iron Casting
29:02 Chain Mail Armor
32:58 Royal Heirs
35:08 Fletching
34:42 Crossbowman
36:10 Gold Shaft Mining
36:31 Thumb Ring
37:02 Hand Cart
37:57 Padded Archer Armor
38:18 Bow Saw
41:31 Imperial Age
39:13 Bodkin Arrow
39:33 Leather Archer Armor
41:08 Heavy Plow
43:03 Arbalester
Connection lost

Rejoining the realm…

Still unreachable

The connection could not be restored.

Session expired

The server has moved on; the page needs a fresh start.